 Dungeon Crawl Stone Soup version 0.20-a0-681-gf83e07f (webtiles) character file.

679 Alarkh the Slasher (level 7, -2/52 HPs)
             Began as a Mummy Chaos Knight on Feb 18, 2017.
             Slain by a thrashing horror (13 damage)
             ... summoned by Xom
             ... on level 1 of the Abyss.
             The game lasted 00:05:51 (4119 turns).

Alarkh the Slasher (Mummy Chaos Knight)             Turns: 4119, Time: 00:05:51

Health: -2/52      AC:  7    Str: 15    XL:     7   Next: 34%
Magic:  7/7        EV: 11    Int: 13    God:    Xom [*.....]
Gold:   119        SH:  0    Dex: 12    Spells: 6/6 levels left

rFire    x . .     SeeInvis .   a - +0 falchion (chaos)
rCold    + . .     Gourm    .   b - +2 leather armour
rNeg     + + +     Faith    .   (no shield)
rPois    ∞         Spirit   .   (no helmet)
rElec    .         Reflect  .   i - +1 cloak
rCorr    .         Harm     .   (no gloves)
MR       .....                  (no boots)
Stlth    +.........             j - amulet of regeneration
Regen    0.6/turn               (no ring)
MPRegen  0.1/turn               m - ring of flight

@: no status effects
A: no food or potions, fire vulnerability, cold resistance 1, negative energy
resistance 3, torment resistance, unbreathing
a: Renounce Religion, Evoke Flight


You were on level 1 of the Abyss.
You worshipped Xom.
You were a special plaything of Xom.
You were not hungry.

You visited 2 branches of the dungeon, and saw 6 of its levels.
You visited the Abyss 1 time.

You collected 119 gold pieces.

Inventory:

Hand Weapons
 a - a +0 falchion of chaos (weapon)
 h - a +0 dagger of protection
Armour
 b - a +2 leather armour (worn)
 i - a +1 cloak (worn)
Jewellery
 j - an amulet of regeneration (around neck)
 m - a ring of flight (left hand)
Scrolls
 c - a scroll of amnesia
 d - a scroll of teleportation
 e - a scroll of identify
 f - 7 scrolls of remove curse
 g - a scroll of noise
 l - a scroll of recharging {unknown}
 n - a scroll of enchant weapon {unknown}
 o - a scroll of blinking {unknown}


   Skills:
 - Level 3.0 Fighting
 + Level 7.2 Long Blades
 - Level 1.5 Armour
 - Level 0.7 Dodging


You had 6 spell levels left.
You didn't know any spells.

Dungeon Overview and Level Annotations

Branches:
Dungeon (5/15)             Temple (1/1) D:5

Altars:
Ashenzari
Cheibriados
Elyvilon
Gozag
Kikubaaqudgha
Makhleb
Okawaru
Qazlal
Uskayaw
Vehumet
Xom
Zin
The Shining One

Annotations:
D:1 1 runed door
D:5 Chiseanne's ghost, amateur SpGl
Temple Eustachio


Innate Abilities, Weirdness & Mutations

You do not eat or drink.
Your flesh is vulnerable to fire.
You are immune to poison.
Your flesh is cold resistant. (rC+)
You are immune to negative energy. (rN+++)
You are immune to unholy pain and torment.
You can survive without breathing.


Message History

* * * LOW HITPOINT WARNING * * *
Eustachio freezes you. You resist.
* * * LOW HITPOINT WARNING * * *
There is a shattered altar of Ashenzari here.
You are now a special plaything of Xom.
Xom giggles.
You are cast into the Abyss!
To return, you must find a gate leading back.
Killing monsters will force the Abyss to allow you passage.
This branch contains the abyssal rune of Zot.
Found a runed trident. "Fight to survive, mortal."
You hit the thrashing horror.
The thrashing horror is lightly damaged.
The thrashing horror tramples you.
* * * LOW HITPOINT WARNING * * *
You stumble backwards!
The thrashing horror roars!
The thrashing horror tramples you!
You die...

...§§#. ....#.# ...#.#.
.......... #........#
###........
#.###§##.....#
#.§§.X@#...# ##
≈...#3§5§#...###.####.#
≈ #.§#§t§............
...##§§......... ....
...##...........⌠.....
♣..#..#...###...... ...
≈.#.###.#.# ##.... . ..
#.# ..#.#. #.#.. ...
##... . ...##.....


You could see an apocalypse crab, a thrashing horror, a smoke demon and a
quasit.

Vanquished Creatures
  A porcupine (D:3)
  An ogre (D:4)
  A howler monkey (D:4)
  A hound (D:4)
  Crazy Yiuf (D:2)
  2 orc priests
  2 orc wizards (D:3)
  4 worker ants
  5 adders
  An ooze (D:2)
  2 adder skeletons (D:4)
  3 leopard geckos
  15 orcs
  2 ball pythons
  7 giant cockroaches
  7 goblins
  7 hobgoblins
  6 jackals
  8 kobolds
  2 quokkas
  7 bats
  A frilled lizard (D:2)
  11 rats
97 creatures vanquished.

Vanquished Creatures (collateral kills)
  2 orc wizards (D:4)
  2 orcs (D:4)
4 creatures vanquished.

Grand Total: 101 creatures vanquished

Notes
Turn   | Place    | Note
-------+----------+-------------------------------------------
     0 | D:1      | Alarkh the Mummy Chaos Knight began the quest for the Orb.
     0 | D:1      | Reached XP level 1. HP: 18/18 MP: 1/1
     1 | D:1      | Found a runed door.
   238 | D:1      | XOM: silly message
   315 | D:1      | Reached XP level 2. HP: 22/24 MP: 2/2
   339 | D:1      | Reached skill level 3 in Long Blades
  1316 | D:2      | Reached XP level 3. HP: 28/29 MP: 3/3
  1526 | D:2      | XOM: harmless Erth miscast
  1618 | D:2      | Found a runed door.
  1797 | D:2      | Found a burning altar of Makhleb.
  1842 | D:2      | Found a snail-covered altar of Cheibriados.
  1854 | D:2      | Reached skill level 4 in Long Blades
  1865 | D:2      | XOM: silly message
  2014 | D:2      | Noticed Crazy Yiuf
  2019 | D:2      | Killed Crazy Yiuf
  2019 | D:2      | Reached XP level 4. HP: 35/35 MP: 4/4
  2107 | D:3      | XOM: noise
  2208 | D:2      | XOM: harmless Fire miscast
  2283 | D:3      | Noticed Sigmund
  2284 | D:3      | XOM: confuse monster(s)
  2290 | D:3      | Noticed Sigmund
  2290 | D:3      | Sigmund changed into Sigmund the porcupine
  2294 | D:3      | XOM: butterfly on damage
  2323 | D:3      | XOM: butterfly on damage
  2403 | D:2      | Reached XP level 5. HP: 16/41 MP: 5/5
  2475 | D:2      | XOM: cloud trail
  2512 | D:3      | Found an ancient bone altar of Kikubaaqudgha.
  2626 | D:3      | Killed Sigmund the porcupine
  2626 | D:3      | Reached skill level 5 in Long Blades
  2673 | D:3      | Found a stormy altar of Qazlal.
  2679 | D:3      | XOM: potion effect (agility)
  2683 | D:3      | XOM: potion effect (invisibility)
  2684 | D:3      | Reached XP level 6. HP: 30/47 MP: 6/6
  2757 | D:3      | XOM: mild Divn miscast
  2775 | D:3      | XOM: noise
  2781 | D:3      | XOM: silly message
  2917 | D:4      | Reached skill level 6 in Long Blades
  3034 | D:4      | XOM: divination: detect items
  3080 | D:4      | Reached XP level 7. HP: 49/52 MP: 7/7
  3209 | D:4      | XOM: medium Erth miscast
  3466 | D:4      | XOM: cast spell 'Call Canine Familiar'
  3480 | D:4      | Reached skill level 7 in Long Blades
  3748 | D:5      | Entered Level 5 of the Dungeon
  3772 | D:5      | Noticed Chiseanne's ghost (amateur SpGl)
  3783 | D:5      | XOM: potion effect (might)
  3808 | D:5      | XOM: potion effect (curing)
  3916 | D:5      | Found a staircase to the Ecumenical Temple.
  3920 | D:5      | Noticed Eustachio
  3927 | Temple   | Entered the Ecumenical Temple
  4026 | Temple   | Eustachio changed into Eustachio the centaur
  4034 | Temple   | Noticed Eustachio
  4034 | Temple   | Eustachio the ogre changed into Eustachio the rime drake
  4036 | Temple   | Noticed Eustachio
  4036 | Temple   | Eustachio the rime drake changed into Eustachio the golden eye
  4038 | Temple   | Eustachio the golden eye changed into Eustachio the big kobold
  4040 | Temple   | Noticed Eustachio
  4040 | Temple   | Eustachio the big kobold changed into Eustachio the steam dragon
  4042 | Temple   | Eustachio the steam dragon changed into Eustachio the hound
  4046 | Temple   | XOM: divination: detect items
  4048 | Temple   | Noticed Eustachio
  4048 | Temple   | Eustachio the bullfrog changed into Eustachio the fire bat
  4054 | Temple   | Noticed Eustachio
  4054 | Temple   | Eustachio the fire bat changed into Eustachio the wyvern
  4055 | Temple   | Eustachio the wyvern changed into Eustachio the centaur
  4056 | Temple   | XOM: confuse monster(s)
  4057 | Temple   | Noticed Eustachio
  4057 | Temple   | Eustachio the centaur changed into Eustachio the fire bat
  4060 | Temple   | Eustachio the fire bat changed into Eustachio the big kobold
  4072 | Temple   | Noticed Eustachio
  4072 | Temple   | Eustachio the water moccasin changed into Eustachio the steam dragon
  4073 | Temple   | Eustachio the steam dragon changed into Eustachio the porcupine
  4076 | Temple   | Noticed Eustachio
  4076 | Temple   | Eustachio the ice beast changed into Eustachio the human
  4078 | Temple   | XOM: confuse monster(s)
  4080 | Temple   | Noticed Eustachio
  4080 | Temple   | Eustachio the human changed into Eustachio the golden eye
  4083 | Temple   | Noticed Eustachio
  4083 | Temple   | Eustachio the golden eye changed into Eustachio the basilisk
  4086 | Temple   | Eustachio the basilisk changed into Eustachio the ogre
  4109 | Temple   | XOM: severe Tloc miscast
  4109 | Temple   | Cast into level 1 of the Abyss (the severe capriciousness of Xom)
  4117 | Abyss:1  | XOM: summons 4 hostile shadow creatures
  4118 | Abyss:1  | Noticed a smoke demon
  4118 | Abyss:1  | Noticed an apocalypse crab
  4118 | Abyss:1  | Noticed a thrashing horror
  4119 | Abyss:1  | Slain by a thrashing horror

Vault maps used:
D:1:      dpeg_arrival_caged_fury
D:2:      lightli_temple_of_fire, old_standard_altar, first_bread,
          uniq_crazy_yiuf_cottage
D:3:      marbit_many_paths, old_standard_altar, uniq_sigmund
D:5:      kennysheep_mini, kennysheep_little_box, temple_doors_e,
          vehumet_altar_wand_db, uniq_eustachio
Temple:   dpeg_three_leaves_temple

Skill      XL: |  1  2  3  4  5  6  7 |
---------------+----------------------+-----
Long Blades    | 3 4 5 6 7 |  7.2
Fighting       | |  3.0
Armour         | |  1.5
Dodging        | |  0.7

Action                   |  1- 3 |  4- 6 |  7- 9 || total
-------------------------+-------+-------+-------++-------
Melee: Falchion          |   135 |   127 |   134 ||   396
  Use: Scroll            |       |     5 |     3 ||     8
 Stab: Paralysed         |     5 |     2 |       ||     7
       Petrified         |     1 |     4 |       ||     5
       Petrifying        |     1 |     2 |       ||     3
       Sleeping          |       |     5 |       ||     5
       Invisible         |       |     2 |       ||     2
       Confused          |       |       |     1 ||     1
Armor: Leather armour    |    51 |    44 |    37 ||   132
Dodge: Dodged            |    70 |    97 |    57 ||   224
       Rpst.: Falchion   |    20 |    27 |    20 ||    67
